 Dungeon Crawl Stone Soup version 0.24-a0-618-ge4662a2 (webtiles) character file.

Game seed: 7538697897029391222, levelgen mode: deterministic

72 100101001 the Gusty (level 4, -6/32 HPs)
             Began as a Demonspawn Air Elementalist on Sept 15, 2019.
             Mangled by Sigmund
             ... wielding a +1 vampiric scythe
              (9 damage)
             ... on level 2 of the Dungeon.
             The game lasted 00:03:42 (1710 turns).

100101001 the Gusty (Demonspawn Air Elementalist)   Turns: 1710, Time: 00:03:43

Health: -6/32      AC:  2    Str: 13    XL:     4   Next: 6%
Magic:  6/7        EV: 12    Int: 18    God:
Gold:   123        SH:  0    Dex: 13    Spells: 7/8 levels left

rFire    . . .     SeeInvis .   l - +2 whip (venom)
rCold    + . .     Gourm    .   (no shield)
rNeg     + . .     Faith    .   a - +0 robe
rPois    .         Spirit   .   (no helmet)
rElec    .         Reflect  .   (no cloak)
rCorr    .         Harm     .   (no gloves)
MR       .....                  (no boots)
Stlth    ++........             i - amulet of the acrobat
HPRegen  0.10/turn              d - ring of protection from cold
MPRegen  0.10/turn              g - ring of positive energy

@: mighty
A: talons 1, spiny 1
a: no special abilities


You were on level 2 of the Dungeon.
You were not hungry.

You visited 1 branch of the dungeon, and saw 2 of its levels.

You collected 123 gold pieces.

Inventory:

Hand Weapons
 l - a +2 whip of venom (weapon)
Armour
 a - a +0 robe (worn)
Jewellery
 d - a ring of protection from cold (left hand)
 g - a ring of positive energy (right hand)
 i - an amulet of the acrobat (around neck)
Scrolls
 f - 2 scrolls of remove curse {unknown}
 k - a scroll of teleportation {unknown}
 m - a scroll of identify
Potions
 h - a potion of brilliance
Comestibles
 c - a ration


   Skills:
 + Level 1.1 Fighting
 - Level 1.7 Dodging
 - Level 1.7 Stealth
 + Level 2.5 Spellcasting
 + Level 2.0 Conjurations
 * Level 3.5 Air Magic


You had 7 spell levels left.
You knew the following spells:

 Your Spells              Type           Power        Failure   Level  Hunger
a - Shock                 Conj/Air       ##..         5%          1    #......

Your spell library contained the following spells:

 Spells                   Type           Power        Failure   Level  Hunger
 Swiftness                Chrm/Air       #.......     12%         2    ##.....
 Static Discharge         Conj/Air       ##......     16%         3    ###....
 Airstrike                Air            ###.......   36%         4    #####..
 Lightning Bolt           Conj/Air       ##........   83%         5    ######.


Dungeon Overview and Level Annotations

Branches:
Dungeon (2/15)

Altars:

Annotations:
D:2 Sigmund


Innate Abilities, Weirdness & Mutations

You have sharp toenails.
You are partially covered in sharp spines.


Message History

* * * LOW HITPOINT WARNING * * *
You whack something! Your kick misses something.
Casting: Shock (safe; 5% risk of failure)
Confirm with . or Enter, or press ? or * to list all spells.
You can't see any susceptible monsters within range! (Use Z to cast anyway.)
Casting: Shock (safe; 5% risk of failure)
Confirm with . or Enter, or press ? or * to list all spells.
Aiming: Shock (safe; 5% risk of failure)
Press: ? - help, Shift-Dir - straight line Something hits you.
* * * LOW HITPOINT WARNING * * *
Okay, then.
As you read the scroll labeled MUIQA ENEJOMEU, it crumbles to dust.
It is a scroll of amnesia.
Really abort (and waste the scroll)? [Y]es or [N]o only, please.
Really abort (and waste the scroll)?
Okay, then.
Something hits you!
You die...

.........#..# #.#
..########..# #.# ..# #...#
#.# ... #..## #.# ##### #.#.#
###..# #.# #.... .. ...
....##############.# #.### ...
#..............##.# #.#
#.#.##..#######...#.##.# #.###
.......$....{@.........# #....
#.#.#...######.........#######
#......).....>...........)
#.#.######.##.#'##..######
#.#...........#.#.##........
#.............#.#.###.#.#.##
.########.##...#.#.# #.#.....
...............#.#.# #.###.#.
#......##.##....#.###.# #...


There were no monsters in sight!

Vanquished Creatures
  Natasha (D:2)
  An ooze (D:1)
  A worm (D:2)
  2 dart slugs
  2 leopard geckos
  A giant cockroach (D:1)
  4 goblins
  6 hobgoblins
  4 jackals (D:1)
  2 bats
  5 frilled lizards
  2 kobolds (D:1)
  4 rats
35 creatures vanquished.

Notes
Turn   | Place    | Note
-------+----------+-------------------------------------------
     0 | D:1      | 100101001 the Demonspawn Air Elementalist began the quest
                  | for the Orb.
     0 | D:1      | Reached XP level 1. HP: 13/13 MP: 3/3
   429 | D:1      | Reached skill level 3 in Air Magic
   505 | D:1      | Gained mutation: You have sharp toenails. [demonic
                  | ancestry]
   505 | D:1      | Reached XP level 2. HP: 19/19 MP: 3/5
   829 | D:1      | Reached XP level 3. HP: 22/25 MP: 1/6
  1528 | D:2      | Noticed Natasha
  1536 | D:2      | Killed Natasha
  1536 | D:2      | Reached skill level 1 in Fighting
  1536 | D:2      | Gained mutation: You are partially covered in sharp spines.
                  | [demonic ancestry]
  1536 | D:2      | Reached XP level 4. HP: 22/32 MP: 0/7
  1686 | D:2      | Noticed Sigmund
  1710 | D:2      | Mangled by Sigmund

Levels and vault maps discovered:
D:1:      dpeg_arrival_tiny_i, layout_loops_ring
D:2:      layout_basic, gammafunk_temple_overflow_forgotten, fountainhead,
          uniq_crazy_yiuf_cottage, uniq_natasha, uniq_sigmund

Skill      XL: |  1  2  3  4 |
---------------+-------------+-----
Air Magic      | 3 |  3.5
Fighting       | 1 |  1.1
Conjurations   | 2 |  2.0
Dodging        | |  1.7
Stealth        | |  1.7
Spellcasting   | |  2.5

Action                   |  1- 3 |  4- 6 || total
-------------------------+-------+-------++-------
Melee: Whip              |    46 |     4 ||    50
       Kick              |     6 |       ||     6
 Cast: Shock             |    32 |     4 ||    36
  Use: Scroll            |     2 |     1 ||     3
       Potion            |       |     2 ||     2
 Stab: Sleeping          |     1 |       ||     1
  Eat: Chunk             |     2 |     1 ||     3
Armor: Robe              |     7 |       ||     7
Dodge: Dodged            |    40 |     5 ||    45

Table legend:
 A = Non-vault XP
 B = Vault XP
 C = Vault XP percentage of total XP
 D = Non-vault monster count
 E = Vault monster count
 F = Vault count percentage of total count
                 A         B        C        D         E       F
            +---------+---------+-------+---------+---------+-------
      Total |      68 |      35 |  34.0 |      34 |       1 |   2.9
            +---------+---------+-------+---------+---------+-------
        D:1 |      44 |       0 |   0.0 |      23 |       0 |   0.0
        D:2 |      24 |      35 |  59.3 |      11 |       1 |   8.3
            +---------+---------+-------+---------+---------+-------
